Cogmind - Beta 15 @@@ ROGUE MODE // 2025.07.05 @ 16:36:30 Player: LameThyst Result: Destroyed by RD-XO6(g) with Beamcaster Performance ------------- Evolutions (0) 0 Regions Visited (2) 400 Robots Destroyed (38) 190 Value Destroyed (475) 475 Prototype IDs (0) 0 Alien Tech Used (0) 0 Bonus (14) 14 TOTAL SCORE: 1079 Bonus ------- Follower Combat Kills 14 Cogmind --------- Core Integrity 0/250 Matter 300/300 Energy 150/160 System Corruption 0% Temperature Cool (66) Movement Rolling (115) Ox1 Location -10/Mines Parts ------- > --- POWER (1) -------- Light Nuclear Core > --- PROPULSION (2) --- Compact Wheel > --- UTILITY (2) ------ Medium Storage Unit Structural Scanner > --- WEAPON (2) ------- Particle Gun > --- INVENTORY (10) --- Light Nuclear Core High-capacity Matter Pod (200) Sensor Array Light Armor Plating EM Pulse Gun Medium Laser Light Assault Rifle Light Assault Rifle Grenade Launcher Mining Laser Peak State ------------ > --- POWER ------------ Light Nuclear Core > --- PROPULSION ------- Light Treads Compact Wheel > --- UTILITY ---------- Medium Storage Unit Light Armor Plating > --- WEAPON ----------- Particle Gun Light Cannon > --- INVENTORY -------- Ion Engine Light Nuclear Core Large Matter Pod Structural Scanner Sensor Array EM Pulse Gun Light Assault Rifle Light Assault Rifle Grenade Launcher Mining Laser [Rating: 11] Favorites ----------- Power Ion Engine Engine Ion Engine Power Core Light Nuclear Core Propulsion Light Treads Treads Light Treads Wheel Compact Wheel Utility Seismic Detector Device Seismic Detector Storage Medium Storage Unit Protection Light Armor Plating Weapon Medium Laser Energy Gun Medium Laser Ballistic Gun Light Assault Rifle Ballistic Cannon Light Cannon Special Weapon Mining Laser Build | -11 -10 -10 ------- Run | Yrd Mat Min Slots Evolved . | . . . Power . | . . . Propulsion . | . . . Utility . | . . . Weapon . | . . . Parts Attached 24 | 9 8 7 Power 5 | 1 2 2 Engine 3 | 1 2 . Core 2 | . . 2 Reactor . | . . . Propulsion 4 | 3 . 1 Treads 2 | 2 . . Leg . | . . . Wheel 2 | 1 . 1 Hover . | . . . Flight . | . . . Utility 8 | 3 2 3 Device 3 | 2 . 1 Storage 4 | 1 2 1 Processor . | . . . Hackware . | . . . Protection 1 | . . 1 Artifact . | . . . Weapon 7 | 2 4 1 Energy Gun 3 | 1 1 1 Energy Cannon . | . . . Ballistic Gun 2 | 1 1 . Ballistic Cannon 1 | . 1 . Launcher . | . . . Special Weapon 1 | . 1 . Impact Weapon . | . . . Slashing Weapon . | . . . Piercing Weapon . | . . . Special Melee Weapon . | . . . Unidentified Prototypes . | . . . Parts Lost 3 | . . 3 Power . | . . . Propulsion 1 | . . 1 Utility 1 | . . 1 Weapon 1 | . . 1 Highest Loss Streak 1 | . . 1 To Critical Strikes . | . . . Average Backups 8 | 7 9 9 Power . | . 1 1 Propulsion 1 | 2 1 . Utility 2 | 2 3 3 Weapon 3 | 2 3 5 Tool/Special . | . . . Unused Backups 21 | 5 8 8 Power 1 | . . 1 Propulsion 4 | 3 1 . Utility 10 | 1 5 4 Weapon 6 | 1 2 3 Tool/Special . | . . . Average Slot Usage (%) 99 | . 100 97 Engine 11 | . 14 1 Core 2 | . . 12 Treads 21 | . 23 13 Wheel 6 | . 4 14 Device 11 | . 14 3 Storage 14 | . 14 14 Protection 1 | . . 9 Energy Gun 13 | . 13 14 Ballistic Gun 4 | . 5 . Ballistic Cannon 9 | . 8 14 Peak Build Rating 11 | 8 8 11 Average Rating 8 | 7 7 10 On Entrance 5 | . 8 8 Naked Turns . | . . . Heaviest Build 24 | 14 21 24 Greatest Support 40 | 40 40 16 Greatest Overweight (x) 1 | 1 1 1 Average Overweight (x) . | . . 1 Largest Inventory Capacity 10 | 8 10 10 Average Capacity 9 | 7 9 10 Most Carried 10 | 8 10 10 Average Carried 8 | 7 9 9 Final Capacity 10 | 8 10 10 Final Carried 10 | 8 10 10 Class Distribution -------------------- 100% | Mutant Dominant Class ---------------- Mutant | -10/Materials Mutant | -10/Mines Resources | -11 -10 -10 ----------- Run | Yrd Mat Min Matter Collected 856 | 356 377 123 Remotely . | . . . Salvage Created 865 | 306 350 209 Parts 67 | 30 27 10 Haulers Intercepted 2 | . 2 . Recyclers Shooed . | . . . Parts Field Recycled . | . . . Retrieved Matter . | . . . Parts Self-Destructed . | . . . Prevented . | . . . Kills | -11 -10 -10 ------- Run | Yrd Mat Min Combat Hostiles Destroyed 19 | . 14 5 Guns 12 | . 11 1 Cannons 7 | . 3 4 Classes Destroyed 7 | 3 4 . Worker 4 | 4 . . Tunneler 9 | 9 . . Hauler 2 | . 2 . Recycler 2 | 1 . 1 Watcher 2 | . 2 . Swarmer 13 | . 12 1 Grunt 6 | . 2 4 Best Kill Streak 4 | 2 4 3 Combat Bots Only 3 | . 3 2 Max Kills in Single Turn 1 | 1 1 1 Gunslinging . | . . . Exploded . | . . . Melee . | . . . Uniques/NPCs Destroyed . | . . . Combat | -11 -10 -10 -------- Run | Yrd Mat Min Hostile Shots Fired 117 | . 85 32 Missed 20 | . 17 3 Hits 97 | . 68 29 Projectile 97 | . 68 29 Damage Taken 1030 | . 598 432 Core 270 | . 145 125 Absorbed by Shields . | . . . Core Remaining (%) 100 | 100 . . Volleys Fired 110 | 33 60 17 Largest 2 | 2 2 2 Hottest 120 | 70 120 95 Shots Fired 219 | 66 120 33 Gun 177 | 66 94 17 Cannon 35 | . 19 16 Launcher . | . . . Special 7 | . 7 . Kinetic 109 | 33 60 16 Thermal 110 | 33 60 17 Explosive . | . . . Electromagnetic . | . . . Robot Hit Streak 9 | 9 9 9 Robot Miss Streak 6 | 3 6 2 Penetration Max . | . . . Secondary Targets . | . . . Shots Hit Robots 127 | 41 63 23 Core Hits 54 | 19 25 10 Critical Kills . | . . . Critical Parts Destroyed . | . . . Critical Strikes 7 | 4 2 1 Burn 6 | 4 1 1 Blast 1 | . 1 . Melee Attacks . | . . . Impact . | . . . Slashing . | . . . Piercing . | . . . Sneak Attacks . | . . . Combat Hostiles . | . . . Follow-up Attacks . | . . . Damage Inflicted 1587 | 446 747 394 Guns 1187 | 446 562 179 Cannons 325 | . 113 212 Explosions . | . . . Melee . | . . . Ramming 3 | . . 3 Kinetic 661 | 134 315 212 Thermal 923 | 312 432 179 Explosive . | . . . Electromagnetic . | . . . Impact . | . . . Slashing . | . . . Piercing . | . . . Highest Corruption . | . . . Average Corruption . | . . . Corruption Purged . | . . . Corruption Blocked . | . . . Overload Shots . | . . . Overflow Damage . | . . . Projectiles . | . . . Explosions . | . . . Melee . | . . . Knockbacks 1 | . . 1 Impact . | . . . Kinetic 1 | . . 1 Secondary . | . . . Self-Inflicted Damage 1 | . . 1 Shots . | . . . Rammed 1 | . . 1 Targets Rammed 1 | . . 1 Kicked . | . . . Crushed . | . . . Highest Temperature 342 | 80 200 342 Average Temperature 62 | 27 54 128 Received Heat Transfer 264 | . 42 222 Siege Activations . | . . . Martial Activations . | . . . Shielding Activations . | . . . Robots Disrupted . | . . . Combat Hostiles . | . . . Robots Corrupted . | . . . Combat Hostiles . | . . . Parts Fried . | . . . Impact Corruptions . | . . . Robots Melted . | . . . Combat Hostiles . | . . . Parts Melted 5 | 3 2 . Heat Transferred 3036 | 1221 1297 518 Parts Sabotaged . | . . . Parts Stolen . | . . . Parts Stripped . | . . . Power Chain Reactions . | . . . Alert | -11 -10 -10 ------- Run | Yrd Mat Min Maximum Alert Level . | . . . Low Security (%) 100 | 100 100 100 Level 1 . | . . . Level 2 . | . . . Level 3 . | . . . Level 4 . | . . . Level 5 . | . . . High Security . | . . . Max Security . | . . . Peak Influence 191 | 5 191 85 Initial . | . . . Average 32 | . 49 18 Influence Increases 715 | 70 447 198 Destroy 0b10 Robot/C 420 | . 280 140 Destroy 0b10 Robot/NC 95 | 70 20 5 Destroy Leader 98 | . 68 30 Allied During Kill 8 | . . 8 Successful Hack 16 | . 16 . Destroy Structure 3 | . 3 . Lose Combat Pursuer 75 | . 60 15 Influence Decreases 648 | 70 447 131 Time Decay 489 | 70 308 111 Lost Part 20 | . . 20 Purge Threat 139 | . 139 . Squads Dispatched 2 | . 2 . Investigation . | . . . Extermination . | . . . Reinforcement 2 | . 2 . Assault . | . . . Garrison . | . . . Intercept . | . . . Searches Triggered . | . . . Construction Impeded . | . . . Haulers Reinforced . | . . . Active Scanning Responses . | . . . Cargo Convoy Interrupts . | . . . Stealth | -11 -10 -10 --------- Run | Yrd Mat Min Distress Signals 1 | . 1 . Communications Jammed . | . . . Distress Signals . | . . . Times Spotted 32 | . 22 10 Peak Tracking Total 4 | . 4 3 Tactical Retreats 3 | . 2 1 Traps | -11 -10 -10 ------- Run | Yrd Mat Min Traps Triggered 1 | . 1 . Indirectly . | . . . Trap Hack Attempts . | . . . Triggered . | . . . Disarmed . | . . . Reprogrammed . | . . . Reused . | . . . Traps Extracted . | . . . Installed . | . . . Triggered . | . . . Machines | -11 -10 -10 ---------- Run | Yrd Mat Min Machines Disabled . | . . . Max in Single Turn . | . . . Machines Repaired . | . . . Machines Dismantled . | . . . Machines Sabotaged . | . . . Overloaded Fab Kills . | . . . Hacking | -11 -10 -10 --------- Run | Yrd Mat Min Machines Accessed 8 | . 8 . Terminals 6 | . 6 . Fabricators . | . . . Repair Stations 1 | . 1 . Recycling Units 1 | . 1 . Scanalyzers . | . . . Garrison Access . | . . . Total Hacks 15 | . 15 . Successful 6 | . 6 . Failed 9 | . 9 . Catastrophic 1 | . 1 . Database Lockouts . | . . . Manual 2 | . 2 . Terminals 12 | . 12 . Fabricators . | . . . Repair Stations 2 | . 2 . Recycling Units 1 | . 1 . Scanalyzers . | . . . Garrison Access . | . . . Terminal Hacks 4 | . 4 . Robot Analysis 1 | . 1 . Unreport Threat 1 | . 1 . Hauler Manifests 1 | . 1 . Zone Layout 1 | . 1 . Fabricator Hacks . | . . . Repair Station Hacks 1 | . 1 . Scan Component 1 | . 1 . Recycling Unit Hacks 1 | . 1 . Retrieve Components 1 | . 1 . Scanalyzer . | . . . Garrison Access Hacks . | . . . Unauthorized Hacks . | . . . Terminals . | . . . Fabricators . | . . . Repair Stations . | . . . Recycling Units . | . . . Scanalyzers . | . . . Garrison Access . | . . . Data Cores Recovered . | . . . Used . | . . . Hacking Detections 7 | . 7 . Full Trace Events . | . . . Feedback Events . | . . . Feedback Blocked . | . . . Robot Schematics Acquired . | . . . Robots Built . | . . . Authchips . | . . . Time . | . . . Total Robot Build Rating . | . . . Part Schematics Acquired . | . . . Parts Built . | . . . Authchips . | . . . Time . | . . . Total Part Build Rating . | . . . Parts Repaired . | . . . Time . | . . . Parts Recycled . | . . . Recycled Matter . | . . . Retrieved Matter . | . . . Retrieved Components 10 | . 10 . Parts Scanalyzed . | . . . Part Schematics Acquired . | . . . Parts Damaged . | . . . Bothacking | -11 -10 -10 ------------ Run | Yrd Mat Min Used RIF Installer . | . . . Robots Hacked . | . . . Non-combat . | . . . Combat . | . . . Robot Hacks Applied . | . . . Relay Couplers Released . | . . . Fabnet Peak Effective % . | . . . Robots Rewired . | . . . Allies Hacked . | . . . Hacks Repelled . | . . . Allies | -11 -10 -10 -------- Run | Yrd Mat Min Total Allies 2 | . . 2 Largest Group 2 | . . 2 Highest-Rated Group 46 | . . 46 Highest-Rated Ally 31 | . . 31 Total Orders . | . . . Ally Attacks 9 | . . 9 Total Damage 147 | . . 147 Kills 2 | . . 2 Allies Corrupted . | . . . Allies Melted . | . . . Intel | -11 -10 -10 ------- Run | Yrd Mat Min Active Infowar (turns) 2265 | 481 1703 81 Structural 65 | . . 65 Seismic 2200 | 481 1703 16 Robot Analysis Total 1 | . 1 . Derelict Logs Recovered . | . . . Drone Launches . | . . . Drone Recoveries . | . . . Exploration | -11 -10 -10 ------------- Run | Yrd Mat Min Turns Passed 2871 | 744 1703 424 Spaces Moved 1683 | 394 999 290 Core 3 | 3 . . Treads 868 | 383 485 . Legs . | . . . Wheels 812 | 8 514 290 Hover . | . . . Flight . | . . . Fastest Speed 50 | 50 115 115 Average Speed 138 | 158 136 115 Slowest Speed 160 | 160 160 115 Overloaded Moves . | . . . Propulsion Burnouts . | . . . Robots Hopped . | . . . Potential Cave-ins . | . . . Cave-ins Triggered . | . . . Exploration Rate (%) 54 | 16 93 54 Regions Visited 2 Branch Regions 1 Pre-discovered Areas . | . . . Known Exits Taken . | . . . Unknown Exits Taken 2 | 1 1 . Scrap Searched . | . . . Spaces Dug . | . . . Terrain Destroyed 1 | . 1 . Melee . | . . . Projectile 1 | . 1 . AOE . | . . . Terrain Rammed . | . . . Walls Destroyed . | . . . Machines Disabled . | . . . Actions | -11 -10 -10 --------- Run | Yrd Mat Min Total 2024 | 455 1216 353 Wait 144 | . 118 26 Move 1681 | 393 998 290 Hop . | . . . Pick Up 31 | 14 13 4 Fast Attach 7 | 6 . 1 Attach 2 | 1 . 1 Detach . | . . . Swap 18 | 2 11 5 Drop 30 | 6 16 8 Fire 110 | 33 60 17 Melee . | . . . Ram 1 | . . 1 Kick . | . . . Crush . | . . . Escape Stasis . | . . . Rewire . | . . . Trap . | . . . Miscellaneous . | . . . Route ------- -11/Scrapyard -10/Materials (discovered 4 exits: [*Mat x2] / [*Min x2]) -10/Mines (discovered 1 exit: [*Mat]) History --------- Turn | Location | Event 15 | -11/Scrapyard | Discovered new exit (range 16) 745 | -11/Scrapyard | Entered Materials 746 | -10/Materials | Build established: Mutant 1044 | -10/Materials | Discovered new exit (range 15) 1372 | -10/Materials | Discovered new exit (range 9) 1771 | -10/Materials | Core integrity fell below 50% 2048 | -10/Materials | Discovered new exit (range 7) 2158 | -10/Materials | Discovered new exit (range 6) 2448 | -10/Materials | Entered Mines 2482 | -10/Mines | Discovered new exit (range 10) 2488 | -10/Mines | Core integrity fell below 20% 2649 | -10/Mines | Found a hidden stash of uninstalled traps 2872 | -10/Mines | Destroyed by RD-XO6(g) with Beamcaster Last Messages --------------- 02797_ Acquired Hcp. Matter Pod. 02800_ Dropped Med. Storage Unit. 02801_ Extracted 10 matter. 02840_ Lgt. Treads destroyed. 02841_ S-10 Pest destroyed. 02843_ S-10 Pest knocked back. 02844_ S-10 Pest suffers critical hit (Burn). 02845_ S-10 Pest heat spikes uncontrollably. 02846_ S-10 Pest heat damages Flight Unit. 02846_ S-10 Pest destroyed. 02851_ Acquired 11 matter. 02852_ S-10 Pest suffers critical hit (Burn). 02854_ S-10 Pest destroyed. 02857_ Acquired 2 matter. 02858_ K-01 Serf collects debris. 02859_ Dropped Lgt. Assault Rifle. 02859_ Acquired Lgt. Assault Rifle. 02861_ K-01 Serf cleans the Pressure Siphon. 02870_ Acquired 3 matter. 02872_ Lgt. Cannon destroyed. Map ----- +----------------------------------------------------+ | ## #?????## ##???# ## ## #????????? | | ?# #?????# ##### ###### ###### #????????? | | ?# #?##### #?## ##???# ##???????? | | ?# #?# ######## #### ####?## ###?????? | | ?# #?# ## ##????## #### ####??# ## ####??? | | ?# #?# ##& ####?## ##??# ### ###? | | ?# ### #& & ########### ##??# #### ## | | ?# & ########## ##??# ## # | | ?# #????## ##### ## ####### | | ?#### ### ## #???### ##### #??#?????## ## | | ????# #?###### ### ####### ### #??###????## #? | | ????# #??????####### ###### ## ## ####????# #? | | ????# #???????????## ## ## ####???# #? | | ????# #???????????## ## ? #? | | ????# #???????????######### ##### ##?###? | | ????# #???????????########### ###### ### ##????? | | ????# ???????????????????#### ##### ### ??????? | | ????# ????????????????????### ## ###????????? | | ????? ????????????????????### # """" ##?????????? | | ????? ????????????????????## *[ """" ##?????????? | | ????? ????????????????????## % """" ###???????? | | ????? ????????????????????## ## ## ??????? | | ????? ????????????########## ### # ??????? | | ??????????????????########## ###### ????? | | ??????????????????## %z g ####### ???? | | ??????????????????##gg $ @ [ ##?????? ### ????? | | ??????????????????##%##=########??????? #### ????? | | ??????????????????## ## ########??????? ###??????? | | ?????????????????????## ?????????????????????????? | | ?????????????????????????????????????????????????? | | ?????????????????????????????????????????????????? | | ?????????????????????????????????????????????????? | | ?????????????????????????????????????????????????? | | ?????????????????????????????????????????????????? | | ?????????????????????????????????????????????????? | | ?????????????????????????????????????????????????? | | ?????????????????????????????????????????????????? | | ?????????????????????????????????????????????????? | | ?????????????????????????????????????????????????? | | ?????????????????????????????????????????????????? | | ?????????????????????????????????????????????????? | | ?????????????????????????????????????????????????? | | ?????????????????????????????????????????????????? | | ?????????????????????????????????????????????????? | | ?????????????????????????????????????????????????? | | ?????????????????????????????????????????????????? | | ?????????????????????????????????????????????????? | | ?????????????????????????????????????????????????? | | ?????????????????????????????????????????????????? | | | +----------------------------------------------------+ Best States ------------- Heat Dissipation 25 Energy Generation 14 Energy Capacity 250 Matter Stores 300 Matter Capacity 300 Sight Range 16 Terrain Scan Density 10 Armor Coverage 150 Evasion (%) 40 Recoil Reduction 2 Item Schematics ----------------- None Robot Schematics ------------------ None Fabricated ------------ Nothing Repaired ---------- Nothing Alien Tech Used ----------------- None Achievements -------------- None Challenges ------------ None Game ------ Seed MultinovaProcessingBallwheel Manual? 0 Play Time 00:21:54 Cumulative 54.3 hours Start 2025.07.05 @ 16:15:19 End 2025.07.05 @ 16:36:30 Sessions 1 Manual Loads 0 Difficulty Rogue Special Mode None Game No. 63 Rogue 63 Adventurer 0 Explorer 0 Win Type - Total 0 Types 0/0/0/0/0/0/0/0/0/0 Lore% 21 Gallery% 35 Achievement% 28 Wizard Run 0 Options --------- Layout 1 ASCII 0 Keyboard 0 Movement Mouse Keybinds 0 Fullscreen 2 Font 48/Smallcaps Map View 50x35 Zoom Use 0% Tactical HUD 1 Map Filters NONE Filters NONE Steam 0 RUN: 566297b1-0efe-4136-87af-37070b706fe9